 Dungeon Crawl Stone Soup version 0.31-a0-868-g674d60d6f7 (webtiles) character file.

Game seed: 2308058352730525549

102 LeprechaunX the Changeling (level 4, -1/29 HPs)
             Began as an Octopode Shapeshifter on Oct 11, 2023.
             Slain by an orc
             ... wielding a +0 short sword
              (3 damage)
             ... on level 3 of the Dungeon.
             The game lasted 00:01:42 (1315 turns).

LeprechaunX the Changeling (Octopode Shapeshifter)  Turns: 1315, Time: 00:01:43

Health: -1/29      AC:  1    Str: 15    XL:     4   Next: 77%
Magic:  4/4        EV: 13    Int: 12    God:
Gold:   44         SH:  4    Dex: 11    Spells: 3/3 levels left

rFire   . .          .
                       - Unarmed
rCold   . . .        o - +0 buckler
rNeg    . . .        (helmet currently unavailable)
rPois   .            (no amulet)
rElec   .            (no ring)
rCorr   .            (no ring)
SInv    .            (no ring)
Will    .....        (no ring)
Stlth   ++           (no ring)
HPRegen 0.24/turn    (no ring)
MPRegen 0.09/turn    (no ring)
                     (no ring)

%: no passive effects
@: beast-form
A: beast (slay +2), almost no armour, amphibious, 8 rings, camouflage 1,
gelatinous body 1, (nimble swimmer 1), tentacles
a: Begin Untransformation


You were on level 3 of the Dungeon.
You were a hulking beast.
You visited 1 branch of the dungeon, and saw 3 of its levels.

You collected 44 gold pieces.

Inventory:

Hand Weapons
 a - a +0 sling
Armour
 o - a +0 buckler (worn)
Talismans
 b - a beast talisman (active)
 c - a flux talisman
Scrolls
 d - a scroll of identify {unknown}
 h - a scroll of enchant armour {unknown}
 k - a scroll of noise {unknown}
 n - a scroll of enchant weapon {unknown}
 p - a scroll of silence {unknown}
 r - a scroll of teleportation {unknown}
Potions
 e - a potion of enlightenment {unknown}
 f - a potion of attraction {unknown}
 g - a potion of invisibility {unknown}
 i - a potion of degeneration {unknown}
 j - a potion of might {unknown}
 l - a potion of ambrosia {unknown}
 m - a potion of cancellation {unknown}
 q - 2 potions of lignification


   Skills:
 + Level 1.8 Fighting
 + Level 2.6 Dodging
 + Level 1.1 Shields
 + Level 3.4 Unarmed Combat
 * Level 3.8 Shapeshifting


You had 3 spell levels left.
You didn't know any spells.
Your spell library was empty.

Dungeon Overview and Level Annotations

Branches:
Dungeon (3/15)

Altars:

Shops:
D:2 =

Annotations:
D:2 Natasha, Robin


Innate Abilities, Weirdness & Mutations

You are a hulking beast.
Your limbs bulge with bestial killing power. (Slay +2)
You cannot wear most types of armour.
You are amphibious.
You can wear up to eight rings at the same time.
Your skin changes colour to match your surroundings (Stealth+).
Your rubbery body absorbs attacks. (AC +1, EV +1)
((You are camouflaged when in or above water. (Stealth+)))
You have tentacles for arms and can constrict up to eight enemies at once.


Message History

An orc comes into view. It is wielding a +0 club.
An orc comes into view. It is wielding a +0 short sword.
The orc shouts!
You hear a shout!
A gnoll comes into view. It is wielding a +0 spear.
The orc shouts!
You tentacle-slap the worm. You grab the worm. Your squeeze misses the worm.
The worm is lightly wounded.
You constrict the worm.
You hear a shout! x3
The worm barely misses you.
You bludgeon the worm! Your squeeze misses the worm.
The worm is heavily wounded.
You constrict the worm. You tentacle-slap the worm.
The worm is almost dead.
You constrict the worm.
You kill the worm!
A gnoll comes into view. It is wielding a +0 spear.
An orc comes into view. It is wielding a +0 flail.
A gnoll and an orc come into view.
An orc comes into view. It is wielding a +0 short sword.
The adder attacks as it pursues you! The adder barely misses you.
A bat comes into view.
The adder bites you.
You closely miss the adder.
The gnoll shouts!
You grab the adder.
You squeeze the adder, but do no damage.
You constrict the adder, but do no damage.
The adder misses you. The adder barely misses you.
You barely miss the adder. You constrict the adder.
A giant cockroach comes into view.
The adder barely misses you.
You bludgeon the adder!
You kill the adder!
The gnoll hits you from afar with a +0 spear!
* * * LOW HITPOINT WARNING * * *
A giant cockroach comes into view.
The orc attacks as it pursues you! The orc hits you with a +0 short sword.
You die...

#...S..####...###.
.#...#..?........o.
...>[..<# .....B
....!..?# ##....##b
........# #..g.B...
.##...#.###g.o..#
#...#....gob.#
##..#####.#.##
#.....ho.#
#.########


You could see 3 orcs, a giant cockroach and a bat.

Vanquished Creatures
  Jessica (D:2)
  3 adders
  2 worms
  A dart slug (D:2)
  2 ball pythons
  3 bats
  2 endoplasms (D:1)
  2 giant cockroaches
  7 goblins
  6 hobgoblins
  2 quokkas (D:2)
  A frilled lizard (D:1)
  2 kobolds
  5 rats
39 creatures vanquished.

Notes
Turn   | Place    | Note
-------+----------+-------------------------------------------
     0 | D:1      | LeprechaunX the Octopode Shapeshifter began the quest for
                  | the Orb.
     0 | D:1      | Reached XP level 1. HP: 13/13 MP: 1/1
   126 | D:1      | Reached XP level 2. HP: 18/18 MP: 2/2
   688 | D:2      | Noticed Jessica
   697 | D:2      | Killed Jessica
   698 | D:2      | Reached XP level 3. HP: 8/23 MP: 3/3
   825 | D:2      | Reached XP level 4. HP: 7/29 MP: 4/4
   993 | D:2      | Reached skill level 1 in Shields
  1269 | D:2      | Found Esom's Jewellery Shop.
  1271 | D:2      | Noticed Robin
  1282 | D:2      | Noticed Natasha
  1314 | D:3      | HP: 1/29 [gnoll/+0 spear (8)]
  1315 | D:3      | Slain by an orc

Illustrated notes

Levels and vault maps discovered:
D:1:      matt_arrival_grand_opening, layout_basic
D:2:      layout_basic, serial_shops, shop, uniq_robin, uniq_jessica,
          uniq_natasha
D:3:      layout_loops_ring, bloody_trog, nicolae_ecumenical_lake_church,
          minmay_misc_feat_alley, kennysheep_generic_room_14, uniq_grinder

Skill      XL: |  1  2  3  4 |
---------------+-------------+-----
Shields        | 1 |  1.1
Fighting       | |  1.8
Dodging        | |  2.6
Unarmed Combat | |  3.4
Shapeshifting  | |  3.8

Action                     |  1- 3 |  4- 6 || total
---------------------------+-------+-------++-------
  Melee: Unarmed           |    52 |    35 ||    87
         Constrict         |     7 |    13 ||    20
         Tentacles         |     4 |     8 ||    12
         Punch             |     1 |       ||     1
   Stab: Sleeping          |     4 |     1 ||     5
 Armour: Skin              |    15 |    25 ||    40
  Dodge: Dodged            |    29 |    30 ||    59
  Block: Buckler           |     1 |    10 ||    11

Table legend: (Time is in decaauts)
 A = Elapsed time spent in this place.
 B = Non-inter-level travel time spent in this place.
 C = Inter-level travel time spent in this place.
 D = Time resting spent in this place.
 E = Time spent auto-exploring this place.
 F = Levels seen in this place.
 G = Mean time per level.
                   A        B        C        D        E       F      G
               +--------+--------+--------+--------+--------+-----+--------+
         Total |   1311 |   1251 |     60 |     73 |    926 |   3 |  437.0 |
       Dungeon |   1311 |   1251 |     60 |     73 |    926 |   3 |  437.0 |
               +--------+--------+--------+--------+--------+-----+--------+

Top non-repeatable levels by time:
     D:1: 667 daAuts
     D:2: 626 daAuts
     D:3: 17 daAuts
